AoeStats
← capt. Bear

African Clearing

505249861Analyzed
4v4 RM · 25d ago on Sep 8, 2026· 37m 31s· 8 players
Game mode
Random Map
Map size
Large (8 player)
Population
200
Speed
Normal
Resources
Standard
Victory
Conquest
Starting age
Dark Age
Ending age
Imperial Age
RankedLock teamsTeams togetherTeam positionsShared explorationLock speedFull tech treeHidden civsTurbo modeCheats
Victory
Defeat
🇦🇷 Tupi · Argentina
1647
+14
🇨🇳 Spanish · China
1628
+15
🇹🇼 Poles · Taiwan
1581
+17
🇨🇳 Shu · China
1563
+18
🇵🇪 Mongols · Peru
1741
-22
🇦🇷 Burmese · Argentina
1607
-16
🇹🇼 Vietnamese · Taiwan
1558
-14
🇪🇨 Persians · Ecuador
1494
-12
Guilter
3:17 Loom
13:58 Feudal Age
15:06 Double-Bit Axe
18:02 Castle Age
19:12 Bow Saw
18:44 Horse Collar
20:08 Horse Collar
21:18 Wheelbarrow
21:44 Heavy Plow
26:27 Stone Mining
26:29 Gold Mining
28:07 Stone Shaft Mining
32:01 Imperial Age
30:00 Town Watch
30:30 Hand Cart
30:31 Bloodlines
30:51 Szlachta Privileges
31:09 Forging
31:24 Husbandry
31:32 Scale Barding Armor
33:05 Iron Casting
32:10 Cavalier
33:12 Chain Barding Armor
33:35 Crop Rotation
35:01 Blast Furnace
36:02 Scale Mail Armor
37:07 Conscription
38:06 Chain Mail Armor
37:43 Fletching
Bz_青红
8:37 Loom
11:36 Feudal Age
12:15 Double-Bit Axe
13:00 Horse Collar
21:28 Castle Age
20:21 Bloodlines
22:05 Padded Archer Armor
23:45 Leather Archer Armor
28:58 Town Watch
36:43 Imperial Age
34:50 Wheelbarrow
36:02 Fletching
37:54 Conscription
38:06 Ring Archer Armor
Sick Porky Stoner
9:04 Loom
12:10 Feudal Age
25:09 Castle Age
32:49 Town Watch
33:43 Wheelbarrow
33:35 Double-Bit Axe
35:52 Bow Saw
35:31 Horse Collar
37:38 Heavy Plow
Paladin
13:20 Feudal Age
16:57 Castle Age
15:04 Double-Bit Axe
15:54 Fletching
17:07 Loom
17:22 Town Watch
16:59 Crossbowman
18:03 Bodkin Arrow
23:24 Bow Saw
24:04 Horse Collar
24:33 Loom
27:54 Wheelbarrow
27:22 Heavy Plow
29:40 Gold Mining
32:57 Imperial Age
30:54 Padded Archer Armor
32:19 Gold Shaft Mining
32:24 Ballistics
33:39 Bracer
36:25 Chemistry
34:57 Arbalester
36:48 Leather Archer Armor
[ECU] QUITUS
6:15 Loom
12:20 Feudal Age
12:53 Horse Collar
22:58 Castle Age
21:23 Double-Bit Axe
22:10 Bloodlines
23:59 Scale Barding Armor
24:07 Town Watch
24:34 Bow Saw
24:27 Heavy Plow
26:34 Forging
27:45 Chain Barding Armor
29:08 Wheelbarrow
35:22 Imperial Age
33:01 Gold Mining
33:31 Husbandry
33:34 Scale Mail Armor
33:56 Pikeman
34:40 Squires
35:42 Chain Mail Armor
36:44 Iron Casting
36:52 Halberdier
noru
11:34 Feudal Age
12:18 Loom
12:39 Loom
15:43 Castle Age
13:46 Double-Bit Axe
17:11 Bow Saw
20:03 Fletching
27:06 Wheelbarrow
26:50 Fervor
26:38 Stone Mining
26:57 Bodkin Arrow
27:11 Town Watch
29:21 Ballistics
34:59 Gold Mining
72 Black Fan
3:48 Loom
14:22 Feudal Age
18:05 Castle Age
18:43 Town Watch
24:38 Sanctity
25:33 Redemption
29:43 Fervor
33:27 Horse Collar
37:02 Guard Tower
capt. Bear
8:43 Loom
26:36 Feudal Age
31:09 Castle Age
31:52 Town Watch
32:42 Wheelbarrow
32:31 Double-Bit Axe
33:53 Bow Saw
Connection lost

Rejoining the realm…

Still unreachable

The connection could not be restored.

Session expired

The server has moved on; the page needs a fresh start.